 Dungeon Crawl Stone Soup version 0.25-a0-558-g78a2afb0af (webtiles) character file.

Game seed: 2982588400303009354, levelgen mode: deterministic

697 Razoi the Cleaver (level 7, 0/51 HPs)
             Began as a Hill Orc Wanderer on Feb 25, 2020.
             Was a Plaything of Xom.
             Killed by divine providence
             ... invoked by an orc priest
              (8 damage)
             ... on level 5 of the Dungeon.
             The game lasted 00:56:37 (6058 turns).

Razoi the Cleaver (Hill Orc Wanderer)               Turns: 6058, Time: 00:56:37

Health: 0/51       AC:  8    Str: 19    XL:     7   Next: 65%
Magic:  0/7        EV:  9    Int: 10    God:    Xom [....*.]
Gold:   279        SH:  0    Dex: 10    Spells: 6/6 levels left

rFire    . . .     SeeInvis .   c - +0 hand axe
rCold    . . .     Gourm    .   (no shield)
rNeg     . . .     Faith    .   z - +0 scale mail
rPois    .         Spirit   +   (no helmet)
rElec    .         Reflect  .   r - +0 cloak
rCorr    .         Harm     .   (no gloves)
MR       .....                  (no boots)
Stlth    ..........             C - amulet of guardian spirit
HPRegen  0.17/turn              n - +2 ring of dexterity
MPRegen  0.10/turn              (no ring)

@: no status effects
A: talons 1, blurry vision 3, dopey 1, frail 1
a: Renounce Religion, Convert to Beogh


You were on level 5 of the Dungeon.
You worshipped Xom.
You were a beloved toy of Xom.
You were not hungry.

You visited 1 branch of the dungeon, and saw 6 of its levels.

You collected 279 gold pieces.

Inventory:

Hand Weapons
 a - a +2 shortbow
 c - a +0 hand axe (weapon)
 s - a +0 rapier
Missiles
 b - 67 arrows
 i - 153 stones (quivered)
 B - 47 bolts
Armour
 d - a +0 ring mail
 k - a +0 robe
 r - a +0 cloak (worn)
 z - a +0 scale mail (worn)
 F - a +0 scale mail
 H - a +0 kite shield
Jewellery
 n - a +2 ring of dexterity (left hand)
 w - an uncursed ring of positive energy
 C - an amulet of guardian spirit (around neck)
 M - the ring of Balance {*Contam rC+ rN+ MR+, unknown}
   (You found it on level 5 of the Dungeon)

   [ring of positive energy]

   It protects you from cold.
   It protects you from negative energy.
   It affects your resistance to hostile enchantments.
   It causes magical contamination when unequipped.
Wands
 G - a wand of flame (36)
Scrolls
 e - 6 scrolls of teleportation
 h - 2 scrolls of remove curse
 l - 4 scrolls of magic mapping
 m - a scroll of noise {unknown}
 p - 2 scrolls of identify
 t - a scroll of random uselessness {unknown}
 y - a scroll of enchant weapon {unknown}
 D - a scroll of enchant armour {unknown}
 E - a scroll of fear {unknown}
 L - a scroll of fog {unknown}
Potions
 g - a potion of mutation {unknown}
 j - a potion of berserk rage {unknown}
 o - a potion of cancellation {unknown}
 q - a potion of brilliance {unknown}
 u - a potion of invisibility {unknown}
 v - a potion of ambrosia {unknown}
 x - a potion of flight
 A - 2 potions of degeneration
 I - a potion of haste {unknown}
 K - a potion of curing {unknown}
Comestibles
 f - 11 rations
 J - 4 chunks of flesh


   Skills:
 - Level 3.6 Fighting
 * Level 9.3 Axes
 - Level 1.0 Bows
 - Level 6.0 Armour
 - Level 1.0 Stealth
 - Level 1.1 Shields


You had 6 spell levels left.
You didn't know any spells.
Your spell library was empty.

Dungeon Overview and Level Annotations

Branches:
Dungeon (6/15)             Temple (0/1) D:4

Altars:
Dithmenos
Hepliaklqana
Sif Muna
Vehumet
Wu Jian
Xom

Annotations:
D:3 Grinder
D:5 1 runed translucent door


Innate Abilities, Weirdness & Mutations

You have sharp toenails.
Scrolls take you much longer to read.
You are dopey. (Int -2)
You are frail. (-10% HP)


Message History

* * * LOW HITPOINT WARNING * * *
The orc hits you.
* * * LOW HITPOINT WARNING * * *
You hit the centaur.
The centaur is almost dead.
You barely miss the orc. The centaur barely misses you.
You barely miss the centaur.
The centaur is almost dead.
You hit the orc.
The centaur hits you but does no damage.
The orc hits you.
* * * LOW HITPOINT WARNING * * *
The centaur barely misses you.
Press: ? - help, v - describe, . - travel
Here: a centaur (almost dead)
The floor.
The centaur closely misses you.
The orc priest mumbles some strange prayers to Beogh against you.
Beogh smites you!
You die...

### #....###........#####.#
####.## ###.......o.........#.#.#
..##..###.........#..............
........##........##.............
[......5..........#..........##.#
...##......÷........####......#..
.....)....##...÷....# *,...,,**,,
##..#..##.###.##co..#****.,,,*,,,
####.#####....#@...##,#..,,,,,,,
### #............#....,,,,,..
#..............#*,,,,,*#.
#....#####...#.#*,,,,,,..
#####*##.....#.#*,,,,,,**
######...........,,,,,** ###
#.#........#####.,,,,,,, ###.#
##..........#,≈.#,,,..,*,
##...####...........#.≈.#*..,..**


You could see a centaur, an orc priest and an orc.

Vanquished Creatures
  A black bear (D:5)
  A howler monkey (D:5)
  2 electric eels (D:4)
  2 hounds
  Natasha (twice) (D:4)
  Terence (D:3)
  A worker ant zombie (D:5)
  6 adders
  An ooze (D:1)
  4 worms
  4 dart slugs (D:1)
  5 leopard geckos
  7 orcs
  5 giant cockroaches
  8 goblins
  3 hobgoblins
  7 jackals
  5 kobolds
  2 quokkas
  4 bats
  8 frilled lizards
  7 rats
86 creatures vanquished.

Vanquished Creatures (collateral kills)
  2 ogres (D:4)
  A centaur (D:5)
  A scorpion (D:4)
  Natasha (D:4)
  A howler monkey zombie (D:5)
6 creatures vanquished.

Vanquished Creatures (others)
  An ogre (D:4)
1 creature vanquished.

Grand Total: 93 creatures vanquished

Notes
Turn   | Place    | Note
-------+----------+-------------------------------------------
     0 | D:1      | Razoi the Hill Orc Wanderer began the quest for the Orb.
     0 | D:1      | Razoi set off with the following items: a +2 shortbow, 25
                  | arrows, a +0 hand axe, a +0 ring mail, a ration
     0 | D:1      | Reached XP level 1. HP: 19/19 MP: 1/1
    18 | D:1      | Reached skill level 1 in Axes
    59 | D:1      | Reached XP level 2. HP: 24/26 MP: 2/2
   498 | D:1      | Reached skill level 2 in Axes
   648 | D:1      | Reached XP level 3. HP: 31/31 MP: 3/3
   722 | D:1      | Reached skill level 5 in Armour
  1134 | D:2      | Found a radiant altar of Vehumet.
  1151 | D:2      | Reached skill level 3 in Axes
  1209 | D:2      | You fall into a shaft and drop 1 floor!
  1246 | D:3      | Reached XP level 4. HP: 30/39 MP: 4/4
  1289 | D:3      | Noticed Grinder
  1290 | D:3      | Paralysed by Grinder for 4 turns
  1421 | D:2      | Found a shimmering altar of Xom.
  1496 | D:2      | Became a worshipper of Xom the Tricky
  2115 | D:3      | XOM: god gift: rapier {god gift}
  2454 | D:3      | Noticed Terence
  2465 | D:3      | XOM: cast spell 'Cause Fear'
  2466 | D:3      | Killed Terence
  2466 | D:3      | Reached skill level 4 in Axes
  2466 | D:3      | Reached XP level 5. HP: 41/45 MP: 5/5
  2707 | D:3      | XOM: potion effect (invisibility)
  2718 | D:3      | XOM: cast spell 'Summon Ice Beast'
  2719 | D:3      | XOM: enchant monster (good)
  2738 | D:3      | XOM: cloud trail
  2809 | D:4      | XOM: give mutations
  2809 | D:4      | Gained mutation: Scrolls take you a little longer to read.
                  | [Xom's mischief]
  2809 | D:4      | Gained mutation: Scrolls take you longer to read. [Xom's
                  | mischief]
  2809 | D:4      | Lost mutation: Scrolls take you longer to read. [Xom's
                  | mischief]
  2809 | D:4      | Gained mutation: Scrolls take you longer to read. [Xom's
                  | mischief]
  2841 | D:4      | Found an ornate altar of the Wu Jian Council.
  2959 | D:4      | Noticed Natasha
  2964 | D:4      | XOM: enchant monster (bad)
  2973 | D:4      | Killed Natasha
  3003 | D:4      | Noticed Natasha
  3568 | D:3      | XOM: noise
  3625 | D:3      | XOM: harmless Conj miscast
  3759 | D:3      | XOM: give mutations
  3759 | D:3      | Gained mutation: You have sharp toenails. [Xom's mischief]
  3759 | D:3      | Gained mutation: Scrolls take you much longer to read.
                  | [Xom's mischief]
  3772 | D:4      | Killed Natasha
  3772 | D:4      | Reached skill level 5 in Axes
  3924 | D:3      | XOM: severe Chrm miscast
  4084 | D:4      | Found a transporter.
  4137 | D:4      | Reached XP level 6. HP: 33/51 MP: 3/6
  4247 | D:4      | Reached skill level 6 in Axes
  4251 | D:4      | Found a transporter.
  4387 | D:4      | XOM: medium Pois miscast
  4412 | D:4      | XOM: 1-stop teleportation journey
  4524 | D:4      | XOM: cast spell 'Summon Ice Beast'
  4611 | D:4      | Reached skill level 7 in Axes
  4650 | D:4      | Noticed Natasha
  4656 | D:4      | Killed Natasha
  4666 | D:4      | Found a staircase to the Ecumenical Temple.
  4851 | D:4      | Found a shadowy altar of Dithmenos.
  5053 | D:4      | XOM: medium Tloc miscast
  5214 | D:4      | XOM: give mutations
  5214 | D:4      | Gained mutation: Armour fits poorly on your strangely
                  | shaped body. [Xom's mischief]
  5214 | D:4      | Lost mutation: Armour fits poorly on your strangely shaped
                  | body. [Xom's mischief]
  5214 | D:4      | Gained mutation: You are frail. (-10% HP) [Xom's mischief]
  5214 | D:4      | Gained mutation: You are dopey. (Int -2) [Xom's mischief]
  5279 | D:5      | Entered Level 5 of the Dungeon
  5296 | D:5      | Reached XP level 7. HP: 32/51 MP: 5/7
  5304 | D:5      | XOM: summons 2 friendly demons
  5312 | D:5      | Reached skill level 8 in Axes
  5514 | D:4      | XOM: divine lightning
  5532 | D:4      | XOM: divination: magic mapping
  5669 | D:4      | XOM: divination: detect items
  5815 | D:5      | Found a hazy altar of Hepliaklqana.
  5846 | D:5      | Found a runed translucent door.
  5929 | D:5      | XOM: summons friendly iron imp
  5939 | D:5      | Reached skill level 9 in Axes
  5958 | D:5      | Got a fine bronze ring
  5986 | D:5      | Found a shimmering blue altar of Sif Muna.
  6035 | D:6      | XOM: scenery: create altars
  6037 | D:5      | XOM: divination: magic mapping
  6058 | D:5      | Killed from afar by an orc priest

Levels and vault maps discovered:
D:1:      dpeg_arrival_shelter, layout_basic
D:2:      layout_loops_ring, xom_teletrap_fun, vehumet_crystals
D:3:      layout_basic, uniq_terence, uniq_grinder
D:4:      gammafunk_steamed_eel, layout_loops_corners, old_standard_altar,
          lemuel_crystal_altar, temple_doors_e, first_ration, uniq_natasha
D:5:      layout_cave_pools, lemuel_doored_altar,
          eat_drink_and_be_merry_uskayaw, kennysheep_mini,
          ebering_ghost_reflecting_pool
D:6:      layout_rooms, cheibrodos_ashenzari_chains, serial_shops, shop_statue

Skill      XL: |  1  2  3  4  5  6  7 |
---------------+----------------------+-----
Axes           | 1 2 3 4 5 7 9 |  9.3
Armour         | 5 6 |  6.0
Fighting       | |  3.6
Bows           | |  1.0
Stealth        | |  1.0
Shields        | |  1.1

Action                   |  1- 3 |  4- 6 |  7- 9 || total
-------------------------+-------+-------+-------++-------
Melee: Hand axe          |   139 |   193 |    65 ||   397
       Kick              |       |    13 |    15 ||    28
Throw: Stone             |     2 |       |       ||     2
Evoke: Wand              |       |     4 |       ||     4
  Use: Scroll            |       |     1 |     3 ||     4
       Potion            |       |       |     1 ||     1
  Eat: Chunk             |     1 |    11 |     1 ||    13
       Ration            |       |       |     1 ||     1
Armor: Ring mail         |    63 |    41 |       ||   104
       Scale mail        |       |    33 |    48 ||    81
Dodge: Dodged            |    75 |    80 |    58 ||   213

Table legend:
 A = Non-vault XP
 B = Vault XP
 C = Vault XP percentage of total XP
 D = Non-vault monster count
 E = Vault monster count
 F = Vault count percentage of total count
                 A         B        C        D         E       F
            +---------+---------+-------+---------+---------+-------
      Total |     816 |     180 |  18.1 |      88 |       4 |   4.3
            +---------+---------+-------+---------+---------+-------
        D:1 |      60 |       0 |   0.0 |      29 |       0 |   0.0
        D:2 |      72 |       0 |   0.0 |      18 |       0 |   0.0
        D:3 |      23 |      36 |  61.0 |      10 |       1 |   9.1
        D:4 |     286 |     144 |  33.5 |      13 |       3 |  18.8
        D:5 |     315 |       0 |   0.0 |       9 |       0 |   0.0
        D:6 |      60 |       0 |   0.0 |       9 |       0 |   0.0
            +---------+---------+-------+---------+---------+-------
